 Dungeon Crawl Stone Soup version 0.24.1-14-gf8d2b509d9 (webtiles) character file.

Game seed: 13875062801773165229, levelgen mode: deterministic

263 Hugehornet the Magician (level 5, -13/28 HPs)
             Began as a Deep Elf Wizard on May 21, 2020.
             Killed by divine providence
             ... invoked by an orc priest
              (17 damage)
             ... on level 4 of the Dungeon.
             The game lasted 00:08:31 (4518 turns).

Hugehornet the Magician (Deep Elf Wizard)           Turns: 4518, Time: 00:08:32

Health: -13/28     AC:  8    Str:  4    XL:     5   Next: 98%
Magic:  1/14       EV: 13    Int: 24    God:
Gold:   124        SH:  0    Dex: 13    Spells: 1/14 levels left

rFire    . . .     SeeInvis .   h - +4 quarterstaff (chaos)
rCold    . . .     Gourm    .   (shield currently unavailable)
rNeg     . . .     Faith    .   a - +0 robe
rPois    +         Spirit   .   b - +0 hat
rElec    .         Reflect  .   l - +0 cloak
rCorr    .         Harm     .   j - +1 pair of gloves
MR       .....                  (no boots)
Stlth    ++........             p - amulet of regeneration
HPRegen  0.49/turn              e - ring of poison resistance
MPRegen  0.14/turn              t - +3 ring of protection

@: no status effects
A: no striking features
a: no special abilities


You were on level 4 of the Dungeon.
You were not hungry.

You visited 1 branch of the dungeon, and saw 4 of its levels.

You collected 124 gold pieces.

Inventory:

Hand Weapons
 h - a +4 quarterstaff of chaos (weapon)
Armour
 a - a +0 robe (worn)
 b - a +0 hat (worn)
 j - a +1 pair of gloves (worn)
 l - a +0 cloak (worn)
Jewellery
 e - a ring of poison resistance (left hand)
 p - an amulet of regeneration (around neck)
 t - a +3 ring of protection (right hand)
Wands
 i - a wand of polymorph (12)
 m - a wand of random effects (9)
 n - a wand of acid (13)
Scrolls
 c - 4 scrolls of identify {unknown}
 f - 4 scrolls of teleportation {unknown}
 g - a scroll of amnesia {unknown}
 k - 2 scrolls of remove curse {unknown}
 o - a scroll of enchant weapon {unknown}
Potions
 q - a potion of ambrosia {unknown}
 r - a potion of heal wounds {unknown}
 s - a potion of agility
Comestibles
 d - 9 rations
 u - a chunk of flesh


   Skills:
 - Level 2.4 Dodging
 - Level 2.4 Stealth
 - Level 5.0 Spellcasting
 - Level 3.1 Conjurations
 - Level 1.0 Hexes
 - Level 1.1 Summonings
 - Level 1.1 Translocations
 + Level 1.4 Fire Magic
 - Level 3.1 Air Magic
 - Level 3.0 Poison Magic


You had one spell level left.
You knew the following spells:

 Your Spells              Type           Power        Failure   Level  Hunger
a - Magic Dart            Conj           ###.         2%          1    None
b - Blink                 Tloc           N/A          9%          2    None
c - Call Imp              Summ           ##......     9%          2    None
d - Slow                  Hex            ##......     9%          2    None
e - Mephitic Cloud        Conj/Pois/Air  ###.....     8%          3    ##.....
f - Conjure Flame         Conj/Fire      ###.....     11%         3    ##.....

Your spell library contained the following spells:

 Spells                   Type           Power        Failure   Level  Hunger


Dungeon Overview and Level Annotations

Branches:
Dungeon (4/15)
 Temple: D:4-7

Altars:
Fedhas
Kikubaaqudgha
Vehumet
Xom

Annotations:
D:3 2 transporters


Message History

The orc priest is moderately wounded.
The orc priest barely misses you.
You hit the orc priest.
The orc priest is poisoned.
The orc priest is heavily wounded.
The orc priest mumbles some strange prayers to Beogh against you.
Beogh smites you!
* * * LOW HITPOINT WARNING * * *
The orc priest barely misses you.
You barely miss the orc priest.
The orc priest is severely wounded.
The orc priest calls down the wrath of Beogh upon you.
You struggle to resist.
Your magical contamination has completely faded away.
Casting: Magic Dart (safe; 2% risk of failure)
Confirm with . or Enter, or press ? or * to list all spells.
You don't have enough magic to cast that spell.
The orc priest mumbles some strange prayers to Beogh against you.
Beogh smites you!
Ouch! That really hurt!
You die...

#.....(.># ..#
########.# #.# #
#.# ).. # #.# #.#
########.# #.#
.........# #.#
########## #o# #)#
################@#
.................#
.................#
###############.##
###############.##
.................#
###############.##
###


You could see an orc priest.

Vanquished Creatures
  Crazy Yiuf (D:2)
  A hound (D:4)
  An orc wizard (D:4)
  Jessica (D:2)
  A worker ant (D:3)
  2 gnolls (D:3)
  3 adders (D:2)
  An ooze (D:3)
  2 worms
  3 dart slugs (D:1)
  2 leopard geckos
  4 orcs (D:4)
  6 giant cockroaches
  9 goblins
  7 hobgoblins
  A quokka (D:3)
  2 ball pythons
  3 bats
  A frilled lizard (D:2)
  3 kobolds
  6 rats
60 creatures vanquished.

Vanquished Creatures (collateral kills)
  Terence (D:2)
1 creature vanquished.

Vanquished Creatures (others)
  2 gnolls (D:3)
  A worm (D:3)
  A rat (D:3)
4 creatures vanquished.

Grand Total: 65 creatures vanquished

Notes
Turn   | Place    | Note
-------+----------+-------------------------------------------
     0 | D:1      | Hugehornet the Deep Elf Wizard began the quest for the Orb.
     0 | D:1      | Reached XP level 1. HP: 10/10 MP: 7/7
   465 | D:1      | Reached XP level 2. HP: 11/15 MP: 2/9
   531 | D:1      | Learned a level 2 spell: Blink
   534 | D:1      | Learned a level 2 spell: Call Imp
   537 | D:1      | Learned a level 2 spell: Slow
   812 | D:1      | Reached skill level 1 in Hexes
  1184 | D:2      | Reached XP level 3. HP: 19/19 MP: 1/10
  1189 | D:2      | Learned a level 3 spell: Mephitic Cloud
  1352 | D:2      | Noticed Terence
  1714 | D:2      | Noticed Jessica
  1717 | D:2      | Killed Jessica
  1717 | D:2      | Reached skill level 1 in Air Magic
  1717 | D:2      | Reached skill level 1 in Poison Magic
  1871 | D:2      | Found a blossoming altar of Fedhas.
  1960 | D:2      | Reached XP level 4. HP: 24/24 MP: 3/12
  2539 | D:2      | HP: 1/24 [Terence/+2 trident of protection (6)]
  2567 | D:2      | Killed Terence
  3048 | D:2      | Found a runed translucent door.
  3049 | D:2      | Noticed Crazy Yiuf
  3062 | D:2      | Killed Crazy Yiuf
  3253 | D:3      | Reached XP level 5. HP: 28/28 MP: 13/13
  3304 | D:3      | Found an ancient bone altar of Kikubaaqudgha.
  3357 | D:3      | Found a radiant altar of Vehumet.
  3493 | D:3      | Found a shimmering altar of Xom.
  3609 | D:3      | Found a transporter.
  3613 | D:3      | Noticed a kobold demonologist
  3724 | D:3      | Found a transporter.
  4398 | D:4      | Reached skill level 5 in Spellcasting
  4403 | D:4      | Learned a level 3 spell: Conjure Flame
  4511 | D:4      | Reached skill level 1 in Fire Magic
  4518 | D:4      | Killed from afar by an orc priest

Levels and vault maps discovered:
D:1:      matt_arrival_grand_opening, layout_basic
D:2:      layout_basic, fedhas_ov_isle_minmay, first_ration, minivault_11,
          minmay_pentomino_o4, uniq_jessica, uniq_terence,
          uniq_crazy_yiuf_cottage
D:3:      gammafunk_wand_slinger, layout_loops_ring, xom_butterflies,
          kiku_gazebo_pond_becter, fiery_altar_vehumet
D:4:      layout_basic, good_gods_temple_1, tgw_sif, overflow_temple_1_default

Skill      XL: |  1  2  3  4  5 |
---------------+----------------+-----
Conjurations   | 2 3 |  3.1
Hexes          | 1 |  1.0
Air Magic      | 1 2 3 |  3.1
Poison Magic   | 1 2 3 |  3.0
Spellcasting   | 5 |  5.0
Fire Magic     | 1 |  1.4
Dodging        | |  2.4
Stealth        | |  2.4
Summonings     | |  1.1
Translocations | |  1.1

Action                   |  1- 3 |  4- 6 || total
-------------------------+-------+-------++-------
Melee: Unarmed           |     8 |       ||     8
       Quarterstaff      |       |    19 ||    19
 Cast: Magic Dart        |    67 |    98 ||   165
       Mephitic Cloud    |     2 |     6 ||     8
       Blink             |     1 |       ||     1
       Call Imp          |       |     7 ||     7
       Slow              |       |     2 ||     2
  Use: Potion            |     1 |       ||     1
 Stab: Sleeping          |       |     3 ||     3
  Eat: Chunk             |     3 |     8 ||    11
Armor: Robe              |     3 |     6 ||     9
Dodge: Dodged            |    12 |    25 ||    37
